 Dungeon Crawl Stone Soup version 0.18-a0-1211-g828307d (webtiles) character file.

100 ololoev the Magician (level 4, -3/24 HPs)
             Began as a Deep Elf Fire Elementalist on Feb 2, 2016.
             Slain by a worker ant (5 damage)
             ... on level 4 of the Dungeon.
             The game lasted 00:05:06 (588 turns).

ololoev the Magician (Deep Elf Fire Elementalist)    Turns: 588, Time: 00:05:06

Health: -3/24      AC:  2    Str:  5    XL:     4   Next: 46%
Magic:  12/21      EV: 13    Int: 21    God:
Gold:   79         SH:  0    Dex: 15    Spells: 4 memorised, 0 levels left

rFire  . . .     SeeInvis .     (no weapon)
rCold  . . .     Gourm    .     a - +0 robe
rNeg   . . .     Faith    .     (no shield)
rPois  .         Spirit   .     (no helmet)
rElec  .         Dismiss  .     (no cloak)
rCorr  .         Reflect  .     (no gloves)
SustAt .         Harm     .     (no boots)
MR     .....                    (no amulet)
Stlth  ++........               (no ring)
                                j - ring of magical power

@: lethally poisoned (-3 -> -8), not resistant to hostile enchantments,
unstealthy
A: no striking features
a: no special abilities

Inventory:

Armour
 a - a +0 robe (worn)
Jewellery
 j - a ring of magical power (left hand)
Scrolls
 e - a scroll of remove curse {unknown}
 g - a scroll of fog {unknown}
 h - a scroll of recharging {unknown}
 l - a scroll of enchant armour {unknown}
 m - a scroll of enchant weapon {unknown}
 o - a scroll of noise {unknown}
Potions
 d - a potion of might {unknown}
 k - 2 potions of curing {unknown}
 n - a potion of poison {unknown}
Books
 b - a book of Flames

   Spells                             Type                      Level
   a - Flame Tongue                   Conjuration/Fire             1
   b - Throw Flame                    Conjuration/Fire             2
   c - Conjure Flame                  Conjuration/Fire             3
   d - Inner Flame                    Hexes/Fire                   3
   e - Sticky Flame                   Conjuration/Fire             4
   f - Fireball                       Conjuration/Fire             5
Comestibles
 c - a bread ration
 f - 4 fruits
 i - 2 meat rations
 p - 2 chunks of flesh


   Skills:
 - Level 2.4 Dodging
 - Level 2.4 Stealth
 + Level 4.0 Spellcasting
 * Level 3.7 Conjurations
 + Level 3.8 Fire Magic


You couldn't memorise any spells.
You knew the following spells:

 Your Spells              Type           Power        Failure   Level  Hunger
a - Flame Tongue          Conj/Fire      ###..        2%          1    None
b - Conjure Flame         Conj/Fire      ###.....     10%         3    ###....
c - Sticky Flame          Conj/Fire      ###.....     28%         4    ####...
d - Inner Flame           Hex/Fire       ##......     21%         3    ###....


You were on level 4 of the Dungeon.
You were not hungry.

You visited 1 branch of the dungeon, and saw 4 of its levels.

You collected 79 gold pieces.

.. #%. #.. ## . #.. ...
.. . #... #.# .# .. #
#... #.# .## ##...
#.#...####.####.....#...
...............# ##.....
#..............###......
#...a@................
####..................
#!.................
......##.##..##.......
########.###..........
#.# ####....... #.#
##...... #.# #.......
#.# #.......

Notes
Turn   | Place    | Note
--------------------------------------------------------------
     0 | D:1      | ololoev the Deep Elf Fire Elementalist began the quest for the Orb.
     0 | D:1      | Reached XP level 1. HP: 10/10 MP: 6/6
    84 | D:2      | Noticed Robin
   186 | D:1      | Reached XP level 2. HP: 15/15 MP: 4/8
   384 | D:2      | Reached XP level 3. HP: 15/19 MP: 10/10
   389 | D:2      | Learned a level 3 spell: Conjure Flame
   439 | D:3      | Found a blossoming altar of Fedhas.
   457 | D:3      | Noticed Jessica
   460 | D:3      | Killed Jessica
   483 | D:4      | Reached XP level 4. HP: 24/24 MP: 11/11
   491 | D:3      | Learned a level 4 spell: Sticky Flame
   570 | D:4      | Reached skill level 4 in Spellcasting
   578 | D:4      | Learned a level 3 spell: Inner Flame
   588 | D:4      | Slain by a worker ant

Dungeon Overview and Level Annotations

Branches:
Dungeon (4/15)
 Temple: D:4-7

Altars:
Fedhas

Annotations:
D:2 Robin


Message History

Aiming: Flame Tongue
Press: ? - help, Shift-Dir - straight line, f/p - worker ant
Aim: a worker ant (heavily wounded)
The flame tongue hits the worker ant.
The worker ant is severely wounded.
Casting: Flame Tongue
Confirm with . or Enter, or press ? or * to list all spells.
Aiming: Flame Tongue
Press: ? - help, Shift-Dir - straight line, f/p - worker ant
Aim: a worker ant (severely wounded)
The flame tongue hits the worker ant.
The worker ant appears unharmed.
The worker ant is severely wounded.
The worker ant closely misses you.
Casting: Flame Tongue
Confirm with . or Enter, or press ? or * to list all spells.
Aiming: Flame Tongue
Press: ? - help, Shift-Dir - straight line, f/p - worker ant
Aim: a worker ant (severely wounded)
The flame tongue hits the worker ant.
The worker ant is almost dead.
The worker ant bites you!
You are lethally poisoned!
The worker ant poisons you! The worker ant barely misses you.
Casting: Flame Tongue
Confirm with . or Enter, or press ? or * to list all spells.
Aiming: Flame Tongue
Press: ? - help, Shift-Dir - straight line, f/p - worker ant
Aim: a worker ant (almost dead)
The flame tongue hits the worker ant.
The worker ant appears unharmed.
The worker ant is almost dead.
You feel sick. The worker ant bites you.
Casting: Flame Tongue
Confirm with . or Enter, or press ? or * to list all spells.
Aiming: Flame Tongue
Press: ? - help, Shift-Dir - straight line, f/p - worker ant
Aim: a worker ant (almost dead)
The flame tongue hits the worker ant.
The worker ant is almost dead.
The worker ant bites you.
You die...

You could see a worker ant.

Vanquished Creatures
  Jessica (D:3)
  A worker ant (D:4)
  2 adders
  An ooze (D:2)
  A worm (D:3)
  A giant gecko (D:1)
  6 goblins
  3 hobgoblins (D:1)
  4 jackals (D:1)
  A quokka (D:4)
  A ball python (D:3)
  2 bats (D:1)
  A giant newt (D:1)
  A kobold (D:1)
  2 rats
28 creatures vanquished.

Action                   |  1- 3 |  4- 6 || total
-------------------------+-------+-------++-------
Melee: Unarmed           |     1 |       ||     1
 Cast: Flame Tongue      |    31 |    15 ||    46
Evoke: Wand              |    14 |     2 ||    16

Vault maps used:
D:1:      saegor_arrival_simple_f
D:2:      lemuel_coloured_pillars_altar, first_bread, roderic_roman_lattice,
          uniq_robin
D:3:      lemuel_castle_with_subvaults, old_standard_altar, serial_bayou_pond_d,
          uniq_jessica
D:4:      gammafunk_pakellas_spire_experiment, minmay_temple_entry_nine_rooms,
          serial_glass, glass_columns_a, glass_columns_b
